 Dungeon Crawl Stone Soup version 0.26.1-11-gd32895ea62 (webtiles) character file.

Game seed: 294936997195639884

116 Exodus22XD the Chopper (level 5, -3/47 HPs)
             Began as a Hill Orc Monk on Apr 27, 2021.
             Slain by a killer bee (4 damage)
             ... on level 3 of the Dungeon.
             The game lasted 00:03:16 (2373 turns).

Exodus22XD the Chopper (Hill Orc Monk)              Turns: 2373, Time: 00:03:17

Health: -3/47      AC:  6    Str: 15    XL:     5   Next: 0%
Magic:  5/5        EV: 10    Int: 10    God:
Gold:   129        SH:  0    Dex: 13    Spells: 4/4 levels left

rFire    . . .     SeeInvis .   a - +0 hand axe
rCold    . . .     Faith    .   (no shield)
rNeg     . . .     Spirit   .   q - +0 scale mail
rPois    .         Reflect  .   (no helmet)
rElec    .         Harm     .   (no cloak)
rCorr    .         Rampage  .   (no gloves)
Will     .....                  (no boots)
Stlth    ..........             (no amulet)
HPRegen  0.15/turn              (no ring)
MPRegen  0.09/turn              (no ring)

@: lethally poisoned (-3 -> -9), attractive, invisible
A: no striking features
a: no special abilities


You were on level 3 of the Dungeon.
You visited 1 branch of the dungeon, and saw 3 of its levels.

You collected 129 gold pieces.

Inventory:

Hand Weapons
 a - a +0 hand axe (weapon)
Armour
 q - a +0 scale mail (worn)
Scrolls
 b - a scroll of blinking {unknown}
 d - 2 scrolls of amnesia {unknown}
 k - 2 scrolls of remove curse {unknown}
 m - 3 scrolls of enchant armour
 n - 2 scrolls of teleportation {unknown}
 o - 3 scrolls of enchant weapon
 p - a scroll of random uselessness {unknown}
Potions
 c - 2 potions of invisibility
 f - a potion of attraction
 h - a potion of might {unknown}
 j - a potion of flight {unknown}


   Skills:
 + Level 4.5 Fighting
 + Level 5.8 Axes
 * Level 2.3 Armour
 - Level 2.4 Dodging
 - Level 1.5 Stealth


You had 4 spell levels left.
You didn't know any spells.
Your spell library was empty.

Dungeon Overview and Level Annotations

Branches:
Dungeon (3/15)

Altars:


Message History

You are lethally poisoned!
The killer bee poisons you!
* * * LOW HITPOINT WARNING * * *
You feel sick.
There is a stone staircase leading up here.
Sorry, you're not good enough to have a special ability.
Really quaff the potion of attraction?
Uppercase [Y]es or [N]o only, please.
Really quaff the potion of attraction?
You feel attractive to monsters.
* * * LOW HITPOINT WARNING * * *
You feel sick.
The killer bee stings you but does no damage.
The killer bee barely misses you.
The killer bee stings you but does no damage.
The killer bee barely misses you.
You fade into invisibility!
* * * LOW HITPOINT WARNING * * *
You feel sick. The killer bee stings you.
You die...

... ...# .>.#
#..# #..#####
#..#...♣.
######....PP..
#yyyyK........
#@####.#.P.P.
#.# #.♣ ≈≈≈
#.# #yy.≈≈≈≈.
#.# #..≈≈≈≈♣≈
#.# #.♣≈♣≈≈KP
#.# ##P♣≈ ♣≈.
#.. . ≈≈ . ###
. ♣P .. ..


You could see 4 killer bees and a kobold.

Vanquished Creatures
  A killer bee (D:3)
  An adder (D:2)
  4 worms (D:2)
  2 dart slugs (D:1)
  2 leopard geckos
  10 bats
  2 giant cockroaches (D:1)
  2 goblins
  4 hobgoblins
  3 jackals (D:2)
  A quokka (D:2)
  A ball python zombie (D:2)
  3 frilled lizards (D:1)
  4 kobolds (D:1)
  11 rats
51 creatures vanquished.

Vanquished Creatures (others)
  A plant (D:3)
1 creature vanquished.

Grand Total: 52 creatures vanquished

Notes
Turn   | Place    | Note
-------+----------+-------------------------------------------
     0 | D:1      | Exodus22XD the Hill Orc Monk began the quest for the Orb.
     0 | D:1      | Reached XP level 1. HP: 19/19 MP: 1/1
   186 | D:1      | Reached XP level 2. HP: 24/27 MP: 2/2
   333 | D:1      | Reached skill level 1 in Armour
   798 | D:1      | Reached XP level 3. HP: 29/33 MP: 3/3
  1404 | D:2      | Reached skill level 5 in Axes
  1617 | D:2      | Reached XP level 4. HP: 39/41 MP: 4/4
  2361 | D:3      | HP: 2/61 [killer bee (6)]
  2367 | D:3      | Reached XP level 5. HP: 15/47 MP: 5/5
  2372 | D:3      | HP: 2/47 [poisoned by a killer bee]
  2373 | D:3      | Slain by a killer bee

Illustrated notes

Levels and vault maps discovered:
D:1:      dpeg_arrival_boxorama, layout_loops_ring
D:2:      layout_loops_ring
D:3:      layout_loops_ring, trog_eyes_of_draining, minitemple, serial_bayou,
          serial_bayou_pond_d, serial_bayou_pond_a, serial_bayou_shore_b,
          serial_bayou_shore_a, serial_bayou_pond_a

Skill      XL: |  1  2  3  4 |
---------------+-------------+-----
Fighting       | 4 |  4.5
Armour         | 1 2 |  2.3
Axes           | 5 |  5.8
Dodging        | |  2.4
Stealth        | |  1.5

Action                   |  1- 3 |  4- 6 || total
-------------------------+-------+-------++-------
Melee: Hand axe          |   129 |    49 ||   178
  Use: Scroll            |     1 |     4 ||     5
       Potion            |       |     4 ||     4
 Stab: Sleeping          |     4 |       ||     4
Armor: Robe              |    24 |       ||    24
       Ring mail         |    18 |       ||    18
       Skin              |       |    28 ||    28
       Scale mail        |       |     6 ||     6
Dodge: Dodged            |    91 |    24 ||   115
